 Dungeon Crawl Stone Soup version 0.19.1 (webtiles) character file.

5786 theclanless the Skirmisher (level 10, -5/55 HPs)
             Began as a Vine Stalker Fighter on Dec 6, 2016.
             Was a High Priest of Fedhas.
             Slain by Gastronok (28 damage)
             ... on level 8 of the Dungeon.
             The game lasted 00:44:14 (7505 turns).

theclanless the Skirmisher (Vine Stalker Fighter)   Turns: 7505, Time: 00:44:17

Health: -5/55      AC: 15    Str: 17 (20) XL:     10   Next: 79%
Magic:  0/15       EV:  7    Int:  9      God:    Fedhas [*****.]
Gold:   595        SH: 10    Dex: 14 (15) Spells: 1 memorised, 6 levels left

rFire  + . .     SeeInvis .     a - +1 long sword
rCold  . . .     Gourm    .     A - +2 chain mail {rF+}
rNeg   + . .     Faith    .     c - +0 shield
rPois  +         Spirit   +     (helmet restricted)
rElec  .         Reflect  .     j - +1 cloak
rCorr  .         Harm     .     u - +0 pair of gloves
MR     +....                    (no boots)
Stlth  ..........               D - amulet of regeneration
                                i - ring of poison resistance
                                p - ring of positive energy

@: no status effects
A: fangs 3, horns 1, deterioration 2, regeneration 1, magic shield, antimagic
bite, no device heal 3, rot immunity, subdued magic 2, MP-powered wands
a: Fungal Bloom, Evolution, Sunlight, Growth, Reproduction, Rain, Renounce
Religion


You were on level 8 of the Dungeon.
You worshipped Fedhas.
Fedhas was extremely pleased with you.
You were hungry.

You visited 1 branch of the dungeon, and saw 10 of its levels.
You also visited: Ossuary.

You collected 653 gold pieces.
You spent 58 gold pieces at shops.

Inventory:

Hand Weapons
 a - a +1 long sword (weapon)
 k - a +0 war axe of electrocution
 v - a +1 dagger of venom
 w - a +1 short sword of holy wrath
 O - a +0 shortbow of velocity
Missiles
 e - 243 arrows
 g - 340 stones (quivered)
 F - 6 silver tomahawks
 T - 17 tomahawks
Armour
 c - a +0 shield (worn)
 j - a +1 cloak (worn)
 u - a +0 pair of gloves (worn)
 x - a +0 helmet
 A - a +2 chain mail of fire resistance (worn)
 I - a +0 ring mail of poison resistance
 M - +0 steam dragon scales
Jewellery
 i - a ring of poison resistance (right hand)
 p - a ring of positive energy (left hand)
 D - an amulet of regeneration (around neck)
 E - an uncursed ring of fire
 G - an uncursed ring of ice
 S - an uncursed ring of wizardry
Wands
 b - a wand of flame (27/48)
 H - a wand of teleportation (7/9)
 L - a wand of teleportation (3/9)
 N - a wand of disintegration (11/24)
 Q - a wand of digging (20/24)
Scrolls
 h - 4 scrolls of teleportation
 q - 3 scrolls of fog
 t - 4 scrolls of recharging
 y - 5 scrolls of remove curse
 U - 2 scrolls of identify
 W - 2 scrolls of blinking
 X - a scroll of fear
 Y - a scroll of magic mapping
 Z - 2 scrolls of enchant weapon
Potions
 d - 8 potions of might
 l - a potion of berserk rage
 n - 2 potions of invisibility
 o - 4 potions of curing
 r - 2 potions of haste
 s - 3 potions of agility
 z - 3 potions of lignification
 B - 2 potions of flight
 P - a potion of cancellation
Books
 C - a book of Necromancy

   Spells                             Type                      Level
   a - Pain                           Necromancy                   1
   b - Animate Skeleton               Necromancy                   1
   c - Vampiric Draining              Necromancy                   3
   d - Regeneration                   Charms/Necromancy            3
   e - Animate Dead                   Necromancy                   4
   f - Control Undead                 Necromancy                   4
 K - a book of Flames

   Spells                             Type                      Level
   a - Flame Tongue                   Conjuration/Fire             1
   b - Throw Flame                    Conjuration/Fire             2
   c - Conjure Flame                  Conjuration/Fire             3
   d - Inner Flame                    Hexes/Fire                   3
   e - Sticky Flame                   Conjuration/Fire             4
   f - Fireball                       Conjuration/Fire             5
Comestibles
 f - 6 bread rations
 m - 3 fruits


   Skills:
 * Level 7.4 Fighting
 * Level 7.1 Long Blades
 + Level 4.7 Armour
 + Level 4.4 Dodging
 * Level 6.3 Shields
 - Level 0.2 Spellcasting
 * Level 6.4 Invocations


You had 6 spell levels left.
You knew the following spells:

 Your Spells              Type           Power        Failure   Level  Hunger
c - Regeneration          Chrm/Necr      #.........   100%        3    ####...


Dungeon Overview and Level Annotations

Branches:
Dungeon (10/15)            Temple (0/1) D:5             Orc (0/2) D:9
   Lair: D:8-11

Altars:
Ashenzari
Fedhas
Nemelex Xobeh
Vehumet
Xom
Beogh

Shops:
D:7 }   D:8 *

Annotations:
D:8 Gastronok
D:10 Josephine


Innate Abilities, Weirdness & Mutations

You have razor-sharp teeth.
Your natural rate of healing is unusually fast.
When hurt, damage is shared between your health and your magic reserves.
Your bite disrupts and absorbs the magic of your enemies.
Potions and wands cannot restore your health.
You are immune to rotting.
You have a pair of small horns on your head.
Your body often deteriorates upon taking damage.
Your spells are easier to cast, but less powerful.
You expend magic power (3 MP) to strengthen your wands.


Message History

You hit Gastronok.
Gastronok is heavily wounded.
Gastronok waves his eye-stalks in wide circles.
The air twists around and strikes you!
Your body deteriorates!
You feel weakened.
Your wandering mushroom releases spores at Gastronok.
Gastronok is engulfed in a cloud of spores!
Gastronok appears confused.
You hit Gastronok.
You headbutt Gastronok, but do no damage.
Gastronok is heavily wounded.
Your wandering mushroom releases spores at Gastronok.
Gastronok is engulfed in a cloud of spores!
You slash Gastronok!
You headbutt Gastronok, but do no damage.
Gastronok is heavily wounded.
Gastronok bites you!!
Ouch! That really hurt!
You die...
Fedhas appreciates your contribution to the ecosystem.

# # r
.#### . .
..#.##.
.#
#.#..##.#
#...#.#
#....#
#r# ##
##w# .#
#@f# ##
#.## #.##
##f# #.##
##.# #f##
## ##f#
.# #f#


You could see Gastronok (confused), a rat and 2 friendly wandering mushrooms.

Vanquished Creatures
  A hill giant (D:9)
  A troll (D:9)
  A wraith (D:9)
  A hill giant skeleton (D:9)
  Grum (D:8)
  A steam dragon (D:9)
  2 hungry ghosts (D:9)
  An orc warrior (D:7)
  An ice beast (D:7)
  4 ogres
  A sky beast (D:9)
  5 phantoms
  3 wolves (D:8)
  2 centaurs
  4 bullfrogs
  2 scorpions
  Dowan (D:6)
  A water moccasin skeleton (Ossuary)
  A killer bee (D:9)
  2 wights (D:8)
  A howler monkey (D:9)
  2 troll skeletons (D:9)
  2 crimson imps
  7 orc priests
  3 centaur skeletons
  6 hounds
  6 orc wizards
  3 bullfrog skeletons (D:9)
  3 iguanas
  8 worker ants
  3 ogre skeletons (D:9)
  7 big kobold skeletons (Ossuary)
  2 mummies (Ossuary)
  5 adders
  An ooze (D:4)
  6 adder skeletons
  3 worms
  2 dart slugs
  6 leopard geckos
  42 orcs
  A ball python (D:3)
  4 giant cockroaches
  16 goblins
  7 hobgoblins
  7 jackals
  6 quokkas
  6 bats
  3 frilled lizards
  A gnoll skeleton (Ossuary)
  3 goblin skeletons (D:9)
  5 hobgoblin skeletons
  2 kobolds
  5 kobold skeletons (Ossuary)
  2 leopard gecko skeletons
  17 orc skeletons
  An orc zombie (D:9)
  12 rats
252 creatures vanquished.

Vanquished Creatures (collateral kills)
  Grinder (D:3)
  Prince Ribbit (D:8)
  A hungry ghost (D:6)
  Duvessa (D:6)
  An ice beast (D:8)
  3 orc warriors
  A phantom (D:4)
  A necrophage (D:8)
  A scorpion (D:4)
  3 wights (D:8)
  2 killer bees (D:9)
  A crimson imp (D:5)
  An orc priest (D:6)
  Crazy Yiuf (D:7)
  3 orc wizards
  Terence (D:3)
  Robin (D:3)
  An adder (D:3)
  A river rat (D:8)
  A worm (D:2)
  3 orcs
  4 goblins (D:3)
  3 hobgoblins (D:3)
  2 jackals (D:6)
  A quokka (D:8)
  A kobold (D:2)
  2 rats (D:8)
43 creatures vanquished.

Vanquished Creatures (others)
  A necrophage (D:9)
  2 worker ant zombies (D:9)
  3 wandering mushrooms
  145 toadstools
151 creatures vanquished.

Grand Total: 446 creatures vanquished

Notes
Turn   | Place    | Note
-------+----------+-------------------------------------------
     0 | D:1      | theclanless the Vine Stalker Fighter began the quest for the Orb.
     0 | D:1      | Reached XP level 1. HP: 11/11 MP: 2/2
   330 | D:1      | Reached XP level 2. HP: 2/16 MP: 3/3
   985 | D:2      | Found a shimmering altar of Xom.
   985 | D:2      | Found a faded altar of an unknown god.
   990 | D:2      | Found a faded altar of an unknown god.
   992 | D:2      | Found a faded altar of an unknown god.
   993 | D:2      | Found a faded altar of an unknown god.
   999 | D:2      | Reached XP level 3. HP: 20/20 MP: 4/4
  1021 | D:2      | Became a worshipper of Fedhas Madash
  1021 | D:2      | Reached * piety under Fedhas
  1442 | D:3      | Noticed Robin
  1456 | D:3      | Killed Robin
  1457 | D:3      | Gained mutation: Your natural rate of healing is unusually fast. [Vine Stalker growth]
  1457 | D:3      | Reached XP level 4. HP: 17/24 MP: 2/5
  1674 | D:3      | Noticed Grinder
  1678 | D:3      | Reached skill level 1 in Dodging
  1690 | D:3      | Killed Grinder
  1690 | D:3      | Reached skill level 1 in Invocations
  1690 | D:3      | Reached XP level 5. HP: 15/29 MP: 4/7
  1739 | D:3      | Reached XP level 6. HP: 33/33 MP: 8/8
  1786 | D:3      | Reached ** piety under Fedhas
  1920 | D:3      | Noticed Terence
  1935 | D:3      | Killed Terence
  2285 | D:4      | Noticed a phantom
  2314 | D:4      | Killed a phantom
  2406 | D:4      | Learned a level 3 spell: Regeneration
  2430 | D:4      | Reached XP level 7. HP: 35/37 MP: 7/9
  2863 | D:5      | Entered Level 5 of the Dungeon
  2992 | D:5      | Found a staircase to the Ecumenical Temple.
  3335 | D:5      | Found a sand-covered staircase.
  3341 | Ossuary  | Entered an ossuary
  3354 | Ossuary  | Reached *** piety under Fedhas
  3401 | Ossuary  | Gained mutation: You have razor-sharp teeth. [Vine Stalker growth]
  3401 | Ossuary  | Reached XP level 8. HP: 42/42 MP: 11/11
  3456 | Ossuary  | Reached **** piety under Fedhas
  3693 | D:5      | Reached skill level 5 in Fighting
  4276 | D:6      | Noticed Dowan
  4289 | D:6      | Killed Dowan
  4296 | D:6      | Noticed Duvessa
  4305 | D:6      | Killed Duvessa
  4381 | D:6      | Found a blossoming altar of Fedhas.
  4537 | D:6      | Found a sparkling altar of Nemelex Xobeh.
  4680 | D:7      | Found a shattered altar of Ashenzari.
  4795 | D:7      | Found Rat Homp's Gadget Shoppe.
  4855 | D:7      | Reached XP level 9. HP: 42/47 MP: 13/13
  4925 | D:7      | Reached skill level 5 in Long Blades
  5243 | D:7      | Found a runed door.
  5247 | D:7      | Noticed Crazy Yiuf
  5253 | D:7      | Killed Crazy Yiuf
  5410 | D:8      | Noticed Prince Ribbit
  5419 | D:8      | Killed Prince Ribbit
  5611 | D:8      | Noticed Grum
  5616 | D:8      | Reached skill level 5 in Invocations
  5632 | D:8      | Killed Grum
  5632 | D:8      | Reached skill level 5 in Shields
  5654 | D:8      | Found Paine's General Store.
  5668 | D:8      | Bought 3 fruits for 58 gold pieces
  5858 | D:8      | You fall through a shaft for 2 floors!
  5858 | D:10     | Entered Level 10 of the Dungeon
  5955 | D:10     | Noticed Josephine
  6004 | D:9      | Reached XP level 10. HP: 49/53 MP: 15/15
  6312 | D:9      | Found a radiant altar of Vehumet.
  6367 | D:9      | Reached ***** piety under Fedhas
  6397 | D:9      | Found a staircase to the Orcish Mines.
  6738 | D:9      | Found a roughly hewn altar of Beogh.
  6812 | D:9      | Gained mutation: Your body sometimes deteriorates upon taking damage. [mutagenic meat]
  6813 | D:9      | Gained mutation: You expend magic power (3 MP) to strengthen your wands. [mutagenic meat]
  6814 | D:9      | Gained mutation: You have a pair of small horns on your head. [mutagenic meat]
  6815 | D:9      | Gained mutation: You are weak. (Str -2) [mutagenic meat]
  6815 | D:9      | Gained mutation: Your body often deteriorates upon taking damage. [potion of mutation]
  6815 | D:9      | Gained mutation: Your spells are a little easier to cast, but a little less powerful. [potion of mutation]
  6815 | D:9      | Lost mutation: You are weak. (Str -2) [potion of mutation]
  6816 | D:9      | Gained mutation: Your spells are easier to cast, but less powerful. [potion of mutation]
  7119 | D:9      | Noticed a hill giant
  7132 | D:9      | Killed a hill giant
  7469 | D:8      | Noticed Gastronok
  7505 | D:8      | Slain by Gastronok

Skill      XL: |  1  2  3  4  5  6  7  8  9 10 |
---------------+-------------------------------+-----
Long Blades    | 2 3 4 6 7 |  7.1
Fighting       | 3 4 5 6 7 |  7.4
Shields        | 3 4 5 6 |  6.3
Dodging        | 1 2 3 4 |  4.4
Invocations    | 1 2 3 4 5 6 |  6.4
Armour         | 3 4 |  4.7
Spellcasting   | |  0.2

Action                   |  1- 3 |  4- 6 |  7- 9 | 10-12 || total
-------------------------+-------+-------+-------+-------++-------
Melee: Long sword        |    99 |    88 |   442 |   284 ||   913
       Bite              |    35 |    28 |   178 |   124 ||   365
       Headbutt          |       |       |       |    20 ||    20
Invok: Fungal Bloom      |     4 |     8 |    28 |    31 ||    71
       Evolution         |     1 |       |     2 |     3 ||     6
Evoke: Wand              |       |       |     1 |     3 ||     4
  Use: Scroll            |     8 |     5 |     8 |     1 ||    22
       Potion            |       |     1 |     1 |     2 ||     4
 Stab: Distracted        |       |       |     2 |     1 ||     3
       Confused          |       |       |       |     1 ||     1
  Eat: Chunk             |     2 |     3 |     9 |     5 ||    19
       Beef jerky        |       |       |     2 |       ||     2
       Pizza             |       |       |     1 |       ||     1
       Meat ration       |       |       |       |     2 ||     2
       Bread ration      |       |       |       |     1 ||     1
Armor: Ring mail         |    47 |    11 |       |       ||    58
       Chain mail        |       |    18 |   199 |    89 ||   306
       Skin              |       |     7 |       |       ||     7
Dodge: Dodged            |    43 |    16 |   102 |    76 ||   237
Block: Shield            |    61 |    43 |   218 |   128 ||   450
       Rpst.: Long sword |    11 |     6 |    32 |    19 ||    68
